 Dungeon Crawl Stone Soup version 0.31-a0-496-g6f97920a28 (webtiles) character file.

Game seed: 9649461841498615766

295 randomguy2701 the Magician (level 6, -1/32 HPs)
             Began as a Deep Elf Necromancer on Aug 8, 2023.
             Was an Initiate of Sif Muna.
             Slain by a centaur (6 damage)
             ... on level 5 of the Dungeon on Aug 9, 2023.
             The game lasted 00:07:52 (3959 turns).

randomguy2701 the Magician (Deep Elf Necromancer)   Turns: 3959, Time: 00:07:52

Health: -1/32      AC:  7    Str: 11    XL:     6   Next: 11%
Magic:  1/17       EV: 13    Int: 22    God:    Sif Muna [......]
Gold:   160        SH:  0    Dex: 15    Spells: 17/18 levels left

rFire   . . .        (no weapon)
rCold   . . .        (no shield)
rNeg    . . .        a - +0 robe
rPois   .            l - +0 helmet
rElec   .            (no cloak)
rCorr   .            (no gloves)
SInv    .            (no boots)
Will    .....        (no amulet)
Stlth   ++           o - +4 ring of protection
HPRegen 0.25/turn    p - +6 ring of strength
MPRegen 0.15/turn

%: no passive effects
@: no status effects
A: no striking features
a: Renounce Religion


You were on level 5 of the Dungeon.
You worshipped Sif Muna.
Sif Muna was noncommittal.
You visited 1 branch of the dungeon, and saw 5 of its levels.

You collected 160 gold pieces.

Inventory:

Armour
 a - a +0 robe (worn)
 l - a +0 helmet (worn)
Jewellery
 o - a +4 ring of protection (left hand)
 p - a +6 ring of strength (right hand)
Scrolls
 f - 2 scrolls of identify
 i - a scroll of poison {unknown}
 k - a scroll of enchant weapon {unknown}
 m - a scroll of blinking {unknown}
 n - a scroll of amnesia {unknown}
Potions
 b - 2 potions of magic
 c - 2 potions of berserk rage {unknown}
 d - 2 potions of attraction
 e - 2 potions of mutation
 g - 2 potions of enlightenment
 h - a potion of resistance {unknown}
 j - a potion of curing {unknown}


   Skills:
 + Level 2.7 Dodging
 + Level 2.8 Stealth
 * Level 6.8 Spellcasting
 + Level 6.6 Necromancy


You had 17 spell levels left.
You knew the following spells:

 Your Spells              Type           Power      Damage    Failure   Level
a - Necrotise             Necr           100%       1d9       1%          1

Your spell library contained the following spells:

 Spells                   Type           Power      Damage    Failure   Level
 Vampiric Draining        Necr           36%        2d8       1%          3
 Animate Dead             Necr           36%        N/A       5%          4
 Dispel Undead            Necr           36%        3d15      5%          4
 Ensorcelled Hibernation  Hex/Ice        14%        N/A       13%         2
 Passwall                 Tmut/Erth      5%         N/A       13%         2
 Agony                    Necr           36%        N/A       16%         5
 Anguish                  Hex/Necr       11%        N/A       22%         4
 Stone Arrow              Conj/Erth      14%        3d7       26%         3
 Swiftness                Air            7%         N/A       26%         3
 Animate Armour           Summ/Erth      14%        N/A       63%         4
 Lehudib's Crystal Spear  Conj/Erth      3%         10d3      100%        8


Dungeon Overview and Level Annotations

Branches:
Dungeon (5/15)
 Temple: D:4-7

Altars:
Cheibriados
Elyvilon
Kikubaaqudgha
Sif Muna

Annotations:
D:4 Sigmund


Message History

Your gnoll skeleton is destroyed!
The hound closely misses you.
The centaur shoots an arrow.
The arrow hits your iguana skeleton!
Your iguana skeleton is destroyed!
The hound completely misses you.
You barely miss the hound.
The hound is almost dead.
The hound bites you but does no damage. The gnoll closely misses you.
You miss the hound.
The hound is almost dead.
The hound completely misses you.
The centaur unwields a +0 orcbow.
The centaur hits you but does no damage.
The centaur kicks you. The hound misses you. The gnoll closely misses you.
You barely miss the hound.
The hound is almost dead.
The centaur barely misses you. The centaur misses you. The hound misses you.
The gnoll barely misses you.
You barely miss the hound.
The hound is almost dead.
The centaur closely misses you. The centaur barely misses you.
The hound closely misses you.
The centaur hits you but does no damage.
The centaur kicks you but does no damage.
The orc misses you.
The gnoll hits you from afar with a +0 halberd!
* * * LOW HITPOINT WARNING * * *
The hound bites you.
* * * LOW HITPOINT WARNING * * *
Unknown command.
You barely miss the hound.
The hound is almost dead.
The centaur hits you but does no damage.
The centaur closely misses you. The hound barely misses you.
The orc hits you but does no damage. The gnoll misses you.
You closely miss the hound.
The hound is almost dead.
The centaur misses you. The centaur barely misses you. The hound bites you.
* * * LOW HITPOINT WARNING * * *
The centaur hits you.
You die...

. #######..##
#..@h...?..
#.oc#######
###.g)....#
#....)##..##
#.#.#.......)
#.#.#.#.#.#.#.
######.#.#.#.#.#.#.
#.....#.#.#.#.#.#.#.
###.##.#.#.#.#.#.#.#.


You could see a centaur, a hound, a gnoll and an orc.

Vanquished Creatures
  A hound (D:4)
  2 iguanas (D:5)
  An orc wizard (D:4)
  Robin (D:2)
  4 gnolls
  3 adders
  A worm (D:3)
  3 dart slugs
  7 orcs
  7 endoplasms
  3 giant cockroaches
  9 goblins
  5 hobgoblins
  9 jackals
  2 quokkas
  10 ball pythons
  8 bats
  3 frilled lizards
  3 kobolds
  4 rats
86 creatures vanquished.

Vanquished Creatures (collateral kills)
  A gnoll (D:5)
  An endoplasm (D:1)
  2 goblins (D:2)
  A rat (D:1)
5 creatures vanquished.

Grand Total: 91 creatures vanquished

Notes
Turn   | Place    | Note
-------+----------+-------------------------------------------
     0 | D:1      | randomguy2701 the Deep Elf Necromancer began the quest for
                  | the Orb.
     0 | D:1      | Reached XP level 1. HP: 10/10 MP: 6/6
    75 | D:1      | Reached skill level 5 in Necromancy
   279 | D:1      | Reached XP level 2. HP: 15/15 MP: 2/8
   690 | D:1      | Got Hiavier's Guidebook on Unholy Magic
   963 | D:1      | Reached XP level 3. HP: 19/19 MP: 6/10
  1334 | D:2      | Noticed Robin
  1531 | D:2      | Killed Robin
  1541 | D:2      | Reached XP level 4. HP: 4/24 MP: 2/12
  2284 | D:2      | Found a shimmering blue altar of Sif Muna.
  2388 | D:2      | Became a worshipper of Sif Muna the Loreminder
  2568 | D:3      | Found an ancient bone altar of Kikubaaqudgha.
  2747 | D:3      | Reached skill level 5 in Spellcasting
  3373 | D:4      | Reached XP level 5. HP: 28/28 MP: 9/15
  3446 | D:4      | Found a snail-covered altar of Cheibriados.
  3635 | D:4      | Found a white marble altar of Elyvilon.
  3651 | D:4      | Noticed an ice beast
  3720 | D:4      | Noticed a phantom
  3886 | D:4      | Noticed Sigmund
  3909 | D:5      | Entered Level 5 of the Dungeon
  3944 | D:5      | Reached XP level 6. HP: 32/32 MP: 5/17
  3959 | D:5      | Slain by a centaur

Illustrated notes

Levels and vault maps discovered:
D:1:      minmay_arrival_five_plusses, layout_loops_corners
D:2:      layout_basic, basic_altar, uniq_robin
D:3:      layout_basic, lemuel_doored_altar
D:4:      layout_layer_cave, lemuel_round_altar, marbit_many_paths,
          nicolae_uskayaw_murder_on_the_dancefloor, amcnicky_altar_gilded,
          nemelex_dance_club_becter, uniq_sigmund
D:5:      layout_basic, tso_metal_star, grunt_dithmenos_smoke_and_mirrors,
          lemuel_temple_firewalk_a

Skill      XL: |  1  2  3  4  5 |
---------------+----------------+-----
Necromancy     | 5 6 |  6.6
Spellcasting   | 4 5 6 |  6.8
Dodging        | |  2.7
Stealth        | |  2.8

Action                     |  1- 3 |  4- 6 || total
---------------------------+-------+-------++-------
  Melee: Unarmed           |     1 |    10 ||    11
   Cast: Necrotise         |    78 |   106 ||   184
    Use: Scroll            |       |     3 ||     3
 Armour: Robe              |     5 |    13 ||    18
  Dodge: Dodged            |    22 |    50 ||    72

Table legend: (Time is in decaauts)
 A = Elapsed time spent in this place.
 B = Non-inter-level travel time spent in this place.
 C = Inter-level travel time spent in this place.
 D = Time resting spent in this place.
 E = Time spent auto-exploring this place.
 F = Levels seen in this place.
 G = Mean time per level.
                   A        B        C        D        E       F      G
               +--------+--------+--------+--------+--------+-----+--------+
         Total |   3959 |   3697 |    262 |      0 |   3152 |   5 |  791.8 |
       Dungeon |   3959 |   3697 |    262 |      0 |   3152 |   5 |  791.8 |
               +--------+--------+--------+--------+--------+-----+--------+

Top non-repeatable levels by time:
     D:1: 1502 daAuts
     D:2: 947 daAuts
     D:3: 943 daAuts
     D:4: 517 daAuts
     D:5: 49 daAuts
